 Dungeon Crawl Stone Soup version 0.28.0-43-g3370ac3207 (webtiles) character file.

Game seed: 7697681219564781645

43 Ablot the Grasshopper (level 3, 0/31 HPs)
             Began as a Gnoll Warper on Mar 5, 2022.
             Slain by a goblin
             ... wielding a +0 club
              (2 damage)
             ... while paralysed by Ijyb
             ... on level 2 of the Dungeon.
             The game lasted 00:01:05 (1627 turns).

Ablot the Grasshopper (Gnoll Warper)                Turns: 1627, Time: 00:01:06

Health: 0/31       AC:  3    Str: 12    XL:     3   Next: 58%
Magic:  9/9        EV:  2    Int: 12    God:
Gold:   92         SH:  0    Dex: 11    Spells: 10/12 levels left

rFire   . . .      SeeInvis .   a - +0 spear
rCold   . . .      Faith    .   (no shield)
rNeg    . . .      Spirit   .   b - +0 leather armour
rPois   .          Reflect  +   (no helmet)
rElec   .          Harm     .   (no cloak)
rCorr   .          Rampage  .   (no gloves)
Will    .....                   (no boots)
Stlth   +.........              e - amulet of reflection
HPRegen 0.10/turn               (no ring)
MPRegen 0.11/turn               (no ring)

@: paralysed
A: fangs 1, strong nose, distributed training
a: no special abilities


You were on level 2 of the Dungeon.
You visited 1 branch of the dungeon, and saw 2 of its levels.

You collected 92 gold pieces.

Inventory:

Hand Weapons
 a - a +0 spear (weapon)
Missiles
 d - 5 boomerangs of dispersal (quivered)
 g - 33 stones
Armour
 b - a +0 leather armour (worn)
Jewellery
 e - an amulet of reflection (around neck)
Scrolls
 c - a scroll of blinking
 f - a scroll of enchant armour {unknown}
 h - a scroll of identify {unknown}
 i - a scroll of noise {unknown}
 j - a scroll of teleportation {unknown}


   Skills:
 + Level 4.5 Fighting
 + Level 0.8 Short Blades
 + Level 0.8 Long Blades
 + Level 0.8 Axes
 + Level 0.8 Maces & Flails
 + Level 4.5 Polearms
 + Level 0.8 Staves
 + Level 0.8 Slings
 + Level 0.8 Bows
 + Level 0.8 Crossbows
 + Level 2.6 Throwing
 + Level 2.6 Armour
 + Level 4.5 Dodging
 + Level 0.8 Stealth
 + Level 0.8 Shields
 + Level 0.8 Unarmed Combat
 + Level 5.0 Spellcasting
 + Level 0.5 Conjurations
 + Level 0.5 Hexes
 + Level 0.5 Summonings
 + Level 0.5 Necromancy
 + Level 5.4 Translocations
 + Level 0.5 Transmutations
 + Level 0.5 Fire Magic
 + Level 0.5 Ice Magic
 + Level 0.5 Air Magic
 + Level 0.5 Earth Magic
 + Level 0.5 Poison Magic
 + Level 1.0 Invocations
 + Level 0.8 Evocations


You had 10 spell levels left.
You knew the following spells:

 Your Spells              Type           Power      Damage    Failure   Level
a - Blink                 Tloc           32%        N/A       4%          2

Your spell library contained the following spells:

 Spells                   Type           Power      Damage    Failure   Level
 Gell's Gravitas          Tloc           16%        N/A       9%          3
 Lesser Beckoning         Tloc           16%        N/A       9%          3
 Teleport Other           Tloc           16%        N/A       9%          3
 Manifold Assault         Tloc           16%        N/A       58%         5


Dungeon Overview and Level Annotations

Branches:
Dungeon (2/15)

Altars:

Annotations:
D:2 Ijyb


Innate Abilities, Weirdness & Mutations

You have very sharp teeth.
Your uncanny sense of smell can sniff out nearby items.
Your experience applies equally to all skills.


Message History

The goblin shouts! x5
Ijyb the Twisted Goblin comes into view.
She is wielding a +0 club and carrying a wand of paralysis (12).
The goblin shouts!
Ijyb shouts!
You hit the hobgoblin.
You kill the hobgoblin!
You reach to attack!
You barely miss the goblin. You hit the goblin.
You kill the goblin!
You closely miss the goblin. You block the goblin's attack.
You hit the goblin.
You kill the goblin!
The goblin hits you but does no damage.
You hit the goblin.
The goblin is heavily wounded.
The goblin hits you with a +0 dagger. The goblin hits you but does no damage.
You barely miss the goblin.
The goblin is heavily wounded.
You hit Ijyb but do no damage. You hit Ijyb but do no damage.
The goblin misses you. You block the goblin's attack.
Ijyb screams, "I no like you!" Ijyb misses you.
The goblin hits you with a +0 club.
You hit Ijyb but do no damage. The goblin hits you but does no damage.
The goblin misses you.
Ijyb zaps a wand.
You suddenly lose the ability to move!
The goblin hits you with a +0 club.
The goblin hits you with a +0 dagger. x2; Ijyb zaps a wand.
You resist with significant effort. The goblin hits you with a +0 club.
The goblin hits you with a +0 dagger. x2; Ijyb barely misses you.
The goblin hits you with a +0 club.
The goblin hits you with a +0 dagger. x2; Ijyb hits you with a +0 club.
* * * LOW HITPOINT WARNING * * *
The goblin hits you with a +0 club.
* * * LOW HITPOINT WARNING * * *
The goblin hits you with a +0 dagger.
* * * LOW HITPOINT WARNING * * *
The goblin hits you with a +0 dagger.
* * * LOW HITPOINT WARNING * * *
Ijyb zaps a wand.
You shrug off the repeated paralysis!
The goblin hits you with a +0 club.
You die...

.# #.# ## #.#
#######..# #.#
8.8.8.8..# #.#
.........##
#.#∆.......... #.#
.........######
#.#∆.......g.#.....
#.# ......ggg..#
#.# 8.8.8.8@g..#
#.#########....#
#..............#
#####.####...#.#
#.# ##..#.#
##########.# #..# #
...........# #.>#
.########### #.##
....#.....# #.#


You could see Ijyb and 4 goblins.

Vanquished Creatures
  An adder (D:2)
  A dart slug (D:2)
  An orc (D:2)
  2 endoplasms
  3 giant cockroaches
  4 goblins
  2 hobgoblins
  A kobold (D:2)
  A quokka (D:1)
  2 ball pythons
  4 bats
  2 frilled lizards
  4 rats
28 creatures vanquished.

Notes
Turn   | Place    | Note
-------+----------+-------------------------------------------
     0 | D:1      | Ablot the Gnoll Warper began the quest for the Orb.
     0 | D:1      | Reached XP level 1. HP: 20/20 MP: 6/6
   325 | D:1      | Found a faded altar of an unknown god.
   509 | D:1      | Reached XP level 2. HP: 26/26 MP: 7/7
   513 | D:1      | Learned a level 2 spell: Blink
  1315 | D:2      | Reached skill level 5 in Spellcasting
  1315 | D:2      | Reached XP level 3. HP: 31/31 MP: 7/9
  1524 | D:2      | Reached skill level 1 in Invocations
  1612 | D:2      | Noticed Ijyb
  1623 | D:2      | Paralysed by Ijyb for 7 turns
  1627 | D:2      | Slain by a goblin

Illustrated notes

Levels and vault maps discovered:
D:1:      amcnicky_arrival_flooded_fountain, layout_basic,
          ebering_ecumenical_altar_box, chequers_serial_rivers_micro_d,
          minmay_misc_feat_room, minivault_4
D:2:      kennysheep_the_goblin_king, layout_basic

Skill      XL: |  1  2  3 |
---------------+----------+-----
Spellcasting   | 5 |  5.0
Invocations    | 1 |  1.0
Fighting       | |  4.5
Short Blades   | |  0.8
Long Blades    | |  0.8
Axes           | |  0.8
Maces & Flails | |  0.8
Polearms       | |  4.5
Staves         | |  0.8
Slings         | |  0.8
Bows           | |  0.8
Crossbows      | |  0.8
Throwing       | |  2.6
Armour         | |  2.6
Dodging        | |  4.5
Stealth        | |  0.8
Shields        | |  0.8
Unarmed Combat | |  0.8
Conjurations   | |  0.5
Hexes          | |  0.5
Summonings     | |  0.5
Necromancy     | |  0.5
Translocations | |  5.4
Transmutations | |  0.5
Fire Magic     | |  0.5
Ice Magic      | |  0.5
Air Magic      | |  0.5
Earth Magic    | |  0.5
Poison Magic   | |  0.5
Evocations     | |  0.8

Action                   || total
-------------------------++-------
Melee: Spear             ||   121
       Bite              ||    10
       Punch             ||     1
Armor: Leather armour    ||    18
Dodge: Dodged            ||    49
Block: Other             ||    18
